 Dungeon Crawl Stone Soup version 0.26-a0-613-g4f23886233 (webtiles) character file.

Game seed: 7360576418700940753

1192 Peloso the Slasher (level 8, -2/54 HPs)
             Began as a Demonspawn Fighter on Sept 11, 2020.
             Was a Priest of Okawaru.
             Slain by Dowan
             ... wielding a +0 dagger of electrocution
              (16 damage)
             ... on level 4 of the Dungeon.
             The game lasted 00:10:51 (4239 turns).

Peloso the Slasher (Demonspawn Fighter)             Turns: 4239, Time: 00:10:52

Health: -2/54      AC: 11    Str: 20    XL:     8   Next: 20%
Magic:  7/8        EV:  6    Int:  9    God:    Okawaru [***...]
Gold:   234        SH: 10    Dex: 12    Spells: 7/7 levels left

rFire    . . .     SeeInvis .   a - +0 long sword
rCold    + . .     Faith    .   c - +0 kite shield
rNeg     . . .     Spirit   .   f - +0 chain mail
rPois    +         Reflect  .   (no helmet)
rElec    .         Harm     .   (no cloak)
rCorr    .                      (no gloves)
MR       .....                  (no boots)
Stlth    ..........             (no amulet)
HPRegen  0.18/turn              l - ring of poison resistance
MPRegen  0.11/turn              (no ring)

@: no status effects
A: talons 1, slimy green scales 1, blurry vision 1, cold resistance 1, demonic
guardian 1, frail 1
a: Heroism, Renounce Religion


You were on level 4 of the Dungeon.
You worshipped Okawaru.
Okawaru was most pleased with you.
You visited 1 branch of the dungeon, and saw 4 of its levels.
You visited the Abyss 1 time.
You also visited: Sewer.

You collected 234 gold pieces.

Inventory:

Hand Weapons
 a - a +0 long sword (weapon)
 b - a +2 short sword of draining
Missiles
 i - 51 bolts
Armour
 c - a +0 kite shield (worn)
 f - a +0 chain mail (worn)
 m - a +0 scale mail
Jewellery
 l - a ring of poison resistance (left hand)
Wands
 h - a wand of digging (4)
 r - a wand of random effects (17)
 u - a wand of polymorph (9)
Scrolls
 d - 2 scrolls of identify
 e - 2 scrolls of teleportation
 g - 3 scrolls of remove curse
 n - 4 scrolls of magic mapping
 o - a scroll of enchant weapon {unknown}
 t - a scroll of blinking {unknown}
Potions
 k - 5 potions of flight
 p - 2 potions of heal wounds
 q - a potion of curing
 s - 2 potions of magic {unknown}


   Skills:
 + Level 4.7 Fighting
 + Level 5.6 Long Blades
 + Level 4.8 Armour
 + Level 1.7 Dodging
 + Level 1.1 Stealth
 + Level 4.8 Shields
 + Level 0.5 Invocations


You had 7 spell levels left.
You didn't know any spells.
Your spell library was empty.

Dungeon Overview and Level Annotations

Branches:
Dungeon (4/15)             Temple (0/1) D:4           Sewer (visited)

Altars:
Okawaru

Annotations:
D:4 Dowan


Innate Abilities, Weirdness & Mutations

You have sharp toenails.
You are partially covered in slimy green scales. (AC +2)
Your flesh is cold resistant. (rC+)
A weak demonic guardian rushes to your aid.
Scrolls take you a little longer to read.
You are frail. (-10% HP)


Message History

You block Dowan's attack. Dowan barely misses you.
Things that are here:
a +2 short sword of distortion; a +0 leather armour Unknown command.
You hit Dowan but do no damage. Your kick misses Dowan.
Dowan is moderately wounded.
Dowan casts a spell at you. You block the stone arrow.
You block Dowan's attack.
Unknown command.
You hit Dowan but do no damage. Your kick misses Dowan.
Dowan is moderately wounded.
Dowan casts a spell at you. You block the stone arrow.
You block Dowan's attack.
You barely miss Dowan.
Dowan is moderately wounded.
You block Dowan's attack.
You hit Dowan. You claw Dowan, but do no damage.
Dowan is heavily wounded.
Dowan hits you but does no damage.
You are electrocuted!
You die...

#...)##(.......#......###........
#....#..........#.###..###...####
#....#..........#....#.###.#...##
#....#..........##.........###.##
######..........####..##....##.##
#..[.......#####.###......##
##.................#..##..##
#..........######...........
#.........e@...###..........
#.........(###......##.#....
#..........###..............
#...........#######.........
.............#####........>.
............5....)..........
.............e##.#.#........
.............<[....#........
............[.##.###........


You could see Dowan (fast).

Vanquished Creatures
  A neqoxec (Abyss:1)
  2 small abominations (Abyss:1)
  Duvessa (D:4)
  Purgy (Sewer)
  A phantom (D:4)
  An ogre (D:4)
  A howler monkey (D:4)
  A centaur skeleton (D:4)
  2 orc priests (D:4)
  A jelly (D:1)
  2 iguanas
  A worker ant (D:4)
  3 orc wizards (D:4)
  3 adders
  5 oozes (D:1)
  2 worms
  A dart slug (D:1)
  4 leopard geckos
  6 orcs
  6 ball pythons
  8 bats
  7 giant cockroaches
  9 goblins
  10 hobgoblins
  9 jackals (D:1)
  12 kobolds
  2 quokkas
  7 frilled lizards
  A leopard gecko skeleton (D:4)
  6 rats
116 creatures vanquished.

Vanquished Creatures (collateral kills)
  Edmund (D:4)
  An ogre (D:4)
  An ooze (D:4)
  A dart slug (D:4)
4 creatures vanquished.

Grand Total: 120 creatures vanquished

Notes
Turn   | Place    | Note
-------+----------+-------------------------------------------
     0 | D:1      | Peloso the Demonspawn Fighter began the quest for the Orb.
     0 | D:1      | Reached XP level 1. HP: 18/18 MP: 1/1
     0 | D:1      | Noticed a jelly
     2 | D:1      | Found a runed translucent door.
   245 | D:1      | Gained mutation: You are partially covered in slimy green
                  | scales. (AC +2) [demonic ancestry]
   245 | D:1      | Reached XP level 2. HP: 24/24 MP: 2/2
   370 | D:1      | Reached skill level 2 in Long Blades
   448 | D:1      | Reached XP level 3. HP: 29/29 MP: 3/3
  1111 | D:1      | Gained mutation: A weak demonic guardian rushes to your
                  | aid. [demonic ancestry]
  1111 | D:1      | Reached XP level 4. HP: 8/35 MP: 4/4
  1524 | D:2      | Found an iron altar of Okawaru.
  1547 | D:2      | Became a worshipper of Warmaster Okawaru
  2051 | D:2      | Reached skill level 3 in Long Blades
  2051 | D:2      | Gained mutation: You have sharp toenails. [demonic
                  | ancestry]
  2051 | D:2      | Reached XP level 5. HP: 41/41 MP: 5/5
  2833 | D:3      | Found a glowing drain.
  2844 | Sewer    | Entered a sewer
  2893 | Sewer    | Noticed Purgy
  2902 | Sewer    | Killed Purgy
  2902 | Sewer    | Reached skill level 1 in Dodging
  3208 | D:4      | Noticed an ogre
  3217 | D:4      | Killed an ogre
  3217 | D:4      | Reached * piety under Okawaru
  3217 | D:4      | Reached XP level 6. HP: 38/48 MP: 6/6
  3477 | D:4      | Noticed Edmund
  3486 | D:4      | Killed Edmund
  3517 | D:4      | Gained mutation: Your flesh is cold resistant. (rC+)
                  | [demonic ancestry]
  3517 | D:4      | Reached XP level 7. HP: 51/53 MP: 7/7
  3566 | D:4      | Reached skill level 4 in Long Blades
  3719 | D:4      | Reached ** piety under Okawaru
  3744 | D:4      | Found a staircase to the Ecumenical Temple.
  3931 | D:4      | Noticed Duvessa
  3932 | D:4      | Noticed Dowan
  3959 | D:4      | Cast into level 1 of the Abyss (Duvessa)
  3965 | Abyss:1  | Noticed a ynoxinul
  4018 | Abyss:1  | Noticed a neqoxec
  4020 | Abyss:1  | Gained mutation: You are frail. (-10% HP) [a neqoxec]
  4024 | Abyss:1  | Gained mutation: Scrolls take you a little longer to read.
                  | [a neqoxec]
  4028 | Abyss:1  | Killed a neqoxec
  4028 | Abyss:1  | Reached skill level 5 in Long Blades
  4033 | Abyss:1  | Reached skill level 1 in Stealth
  4033 | Abyss:1  | Reached XP level 8. HP: 16/54 MP: 6/8
  4213 | Abyss:1  | Reached *** piety under Okawaru
  4217 | D:4      | Escaped the Abyss
  4234 | D:4      | Killed Duvessa
  4239 | D:4      | Slain by Dowan

Illustrated notes

Levels and vault maps discovered:
D:1:      dpeg_arrival_caged_fury, layout_loops_ring, minmay_cupped
D:2:      layout_basic, okawaru_metal_pillars_1_2, st_stairs_6
D:3:      layout_basic, cheibrodos_sewer_entry_sluice
D:4:      layout_rooms, temple_doors_e, uniq_duvessa, uniq_edmund

Skill      XL: |  1  2  3  4  5  6  7 |
---------------+----------------------+-----
Long Blades    | 2 3 5 |  5.6
Shields        | 3 4 |  4.8
Armour         | 3 4 |  4.8
Dodging        | 1 |  1.7
Fighting       | 4 |  4.7
Stealth        | 1 |  1.1
Invocations    | |  0.5

Action                   |  1- 3 |  4- 6 |  7- 9 || total
-------------------------+-------+-------+-------++-------
Melee: Long sword        |   135 |   191 |   101 ||   427
       Kick              |       |    31 |    31 ||    62
Invok: Heroism           |       |     1 |     3 ||     4
  Use: Potion            |     1 |     2 |     2 ||     5
       Scroll            |       |     6 |     1 ||     7
 Stab: Distracted        |       |       |     1 ||     1
Armor: Scale mail        |    67 |    98 |       ||   165
       Chain mail        |       |    34 |    43 ||    77
Dodge: Dodged            |    47 |    56 |    16 ||   119
Block: Kite shield       |    75 |   123 |    56 ||   254
       Rpst.: Long sword |    20 |    18 |     5 ||    43

Table legend: (Time is in decaauts)
 A = Elapsed time spent in this place.
 B = Non-inter-level travel time spent in this place.
 C = Inter-level travel time spent in this place.
 D = Time resting spent in this place.
 E = Time spent auto-exploring this place.
 F = Levels seen in this place.
 G = Mean time per level.
                   A        B        C        D        E       F      G
               +--------+--------+--------+--------+--------+-----+--------+
         Total |   4397 |   4229 |    168 |    354 |   2472 |   6 |  732.8 |
       Dungeon |   3837 |   3669 |    168 |    354 |   2178 |   4 |  959.2 |
         Abyss |    259 |    259 |      0 |      0 |    172 |   1 |  259.0 |
         Sewer |    300 |    300 |      0 |      0 |    121 |   1 |  300.0 |
               +--------+--------+--------+--------+--------+-----+--------+

Top non-repeatable levels by time:
     D:1: 1531 daAuts
     D:3: 843 daAuts
     D:2: 804 daAuts
     D:4: 658 daAuts
   Sewer: 300 daAuts
 Abyss:1: 259 daAuts
